 Dungeon Crawl Stone Soup version 0.25.1-2-g60ff931df9 (webtiles) character file.

Game seed: 12116726176046587228

65 MajorAdolf the Sneak (level 4, -2/38 HPs)
             Began as a Naga Wanderer on Oct 15, 2020.
             Slain by Sigmund
             ... wielding a +3 scythe
              (8 damage)
             ... on level 3 of the Dungeon.
             The game lasted 00:03:39 (2074 turns).

MajorAdolf the Sneak (Naga Wanderer)                Turns: 2074, Time: 00:03:39

Health: -2/38      AC:  2    Str: 14    XL:     4   Next: 14%
Magic:  8/8        EV:  9    Int: 12    God:
Gold:   107        SH:  0    Dex: 12    Spells: 8/9 levels left

rFire    . . .     SeeInvis +   a - +2 spear
rCold    . . .     Gourm    .   (no shield)
rNeg     . . .     Faith    .   d - +0 robe
rPois    +         Spirit   .   (no helmet)
rElec    .         Reflect  .   (no cloak)
rCorr    .         Harm     .   (no gloves)
MR       .....                  (no barding)
Stlth    +++.......             (no amulet)
HPRegen  0.12/turn              (no ring)
MPRegen  0.11/turn              (no ring)

@: very slow
A: large, see invisible, deformed body, poison resistance, slowness 2, slow
metabolism 1, spit poison 1, AC +1
a: Spit Poison


You were on level 3 of the Dungeon.
You were not hungry.

You visited 1 branch of the dungeon, and saw 3 of its levels.

You collected 107 gold pieces.

Inventory:

Hand Weapons
 a - a +2 spear (weapon)
 e - a +0 dagger
 r - a +0 dagger
Missiles
 n - 9 poisoned darts (quivered)
Armour
 d - a +0 robe (worn)
Jewellery
 g - an uncursed ring of positive energy {unknown}
Scrolls
 j - 3 scrolls of immolation {unknown}
 k - 2 scrolls of remove curse {unknown}
 l - a scroll of teleportation {unknown}
 o - a scroll of noise {unknown}
 p - a scroll of identify {unknown}
Potions
 b - a potion of mutation {unknown}
 c - 2 potions of curing
 h - a potion of might {unknown}
 i - 2 potions of flight {unknown}
 q - a potion of lignification {unknown}
Comestibles
 f - 7 rations
 m - a chunk of flesh


   Skills:
 - Level 1.0 Fighting
 + Level 3.6 Polearms
 - Level 1.0 Dodging
 + Level 4.4 Stealth
 - Level 3.0 Spellcasting
   Level 1.0 Hexes
   Level 1.0 Air Magic


You had 8 spell levels left.
You knew the following spells:

 Your Spells              Type           Power        Failure   Level  Hunger
a - Summon Small Mammal   Summ           #...         24%         1    #......

Your spell library contained the following spells:

 Spells                   Type           Power        Failure   Level  Hunger
 Call Canine Familiar     Summ           #.......     58%         3    ###....


Dungeon Overview and Level Annotations

Branches:
Dungeon (3/15)

Altars:
Ashenzari

Annotations:
D:3 Sigmund


Innate Abilities, Weirdness & Mutations

You cannot wear boots.
Your serpentine skin is tough. (AC +1)
You have supernaturally acute eyesight. (SInv)
Armour fits poorly on your strangely shaped body.
Your system is resistant to poisons. (rPois)
You cover ground very slowly.
You have a slow metabolism.
You can spit poison.


Message History

No target in view!
Sigmund barely misses you.
Press: ? - help, Shift-Dir - straight line, f - Sigmund
Aim: Sigmund, wielding a +3 scythe and wearing a +0 robe The splash of poison hits Sigmund.
Sigmund is poisoned.
Sigmund is lightly wounded.
You feel slightly more hungry.
Sigmund hits you from afar with a +3 scythe!
Evoke which item? (* to show all) (? for menu, Esc to quit)
Okay, then.
Okay, then.
Okay, then.
A frilled lizard comes into view.
Sigmund points at you and mumbles some strange words.
The puff of flame hits you!
* * * LOW HITPOINT WARNING * * *
There is a stone staircase leading up here.
You have got your breath back.
Sigmund hits you from afar with a +3 scythe!
You die...

....#.#..
........###########
....g....#..%..#...
......l.......[...#
.................#
............)....#
#...?..).........#
#[...............#
#........@.@.....#
.................#
........รท.......##
#..............##
....#..###.#####
##.!..#... #.#
#..#...... #.# .
##K##......##.# ..
.....#.......#


You could see Sigmund (poisoned), a goblin (wandering) and a frilled lizard
(wandering).

Vanquished Creatures
  3 adders (D:2)
  A worm (D:2)
  A dart slug (D:1)
  3 goblins
  5 hobgoblins
  10 kobolds
  A quokka (D:2)
  A ball python (D:2)
  4 bats
  2 frilled lizards
  7 rats
38 creatures vanquished.

Vanquished Creatures (others)
  2 plants (D:2)
2 creatures vanquished.

Grand Total: 40 creatures vanquished

Notes
Turn   | Place    | Note
-------+----------+-------------------------------------------
     0 | D:1      | MajorAdolf the Naga Wanderer began the quest for the Orb.
     0 | D:1      | MajorAdolf set off with the following items: a +2 spear, a
                  | potion of curing, a +0 robe, a +0 dagger, a ration; and the
                  | following spell memorised: Summon Small Mammal; and the
                  | following spells available to memorise: Call Canine
                  | Familiar
     0 | D:1      | Reached XP level 1. HP: 18/18 MP: 4/4
   118 | D:1      | Reached skill level 1 in Polearms
   235 | D:1      | Reached XP level 2. HP: 25/25 MP: 6/6
   667 | D:2      | Found a shattered altar of Ashenzari.
   672 | D:2      | Saw a vision of the Swamp and the Snake Pit.
   672 | D:2      | Noticed an alligator
   672 | D:2      | Noticed a swamp drake
   672 | D:2      | Noticed a naga
   672 | D:2      | Noticed a black mamba
   672 | D:2      | Noticed a black mamba
   672 | D:2      | Noticed a black mamba
   672 | D:2      | Noticed a salamander
   675 | D:2      | Noticed an anaconda
   678 | D:2      | Noticed a naga
   699 | D:2      | Reached XP level 3. HP: 8/31 MP: 7/7
  1825 | D:3      | Noticed Sigmund
  1877 | D:2      | Reached XP level 4. HP: 26/38 MP: 8/8
  2074 | D:3      | Slain by Sigmund

Illustrated notes

Levels and vault maps discovered:
D:1:      psy_arrival_spokes, layout_basic
D:2:      layout_rooms, first_ration, grunt_ashenzari_visionary
          [grunt_ashenzari_visionary_swamp, grunt_ashenzari_visionary_snake]
D:3:      layout_rooms, uniq_sigmund

Skill      XL: |  1  2  3 |
---------------+----------+-----
Polearms       | 1 2 3 |  3.6
Fighting       | |  1.0
Dodging        | |  1.0
Stealth        | |  4.4
Spellcasting   | |  3.0
Hexes          | |  1.0
Air Magic      | |  1.0

Action                   |  1- 3 |  4- 6 || total
-------------------------+-------+-------++-------
Melee: Spear             |    83 |     9 ||    92
Throw: Dart              |     2 |       ||     2
 Abil: Spit Poison       |    11 |     1 ||    12
 Stab: Sleeping          |     5 |       ||     5
       Distracted        |     1 |       ||     1
  Eat: Chunk             |     2 |     1 ||     3
Armor: Robe              |    15 |     2 ||    17
Dodge: Dodged            |    52 |     2 ||    54
